AoeStats
← Ken

Arena

509608361Analyzed
4v4 RM · 4d ago on Sep 27, 2026· 81m 28s· 8 players
Game mode
Random Map
Map size
Large (8 player)
Population
200
Speed
Normal
Resources
Standard
Victory
Conquest
Starting age
Dark Age
Ending age
Imperial Age
RankedLock teamsTeams togetherTeam positionsShared explorationLock speedFull tech treeHidden civsTurbo modeCheats
Victory
Defeat
🇪🇸 Spanish · Spain
1027
+18
🇬🇹 Wu · Guatemala
980
+15
🇹🇷 Armenians · Türkiye
935
+16
🇵🇱 Huns · Poland
914
+17
🇹🇼 Lithuanians · Taiwan
1016
-18
🇨🇳 Franks · China
1013
-18
🇺🇸 Spanish · United States
901
-13
🇨🇳 Turks · China
865
-12
squeezecheese21
12:53 Feudal Age
13:19 Double-Bit Axe
13:47 Horse Collar
14:05 Stone Mining
15:39 Wheelbarrow
17:39 Town Watch
20:32 Castle Age
19:23 Fletching
19:36 Padded Archer Armor
19:06 Man-at-Arms
20:01 Padded Archer Armor
20:34 Forging
20:15 Arson
20:42 Gold Mining
21:41 Bow Saw
22:14 Scale Mail Armor
22:50 Heavy Plow
23:12 Long Swordsman
26:00 Gold Shaft Mining
25:37 Two-Handed Swordsman
26:29 Loom
26:38 Gambesons
26:54 Squires
29:54 Pikeman
30:40 Halberdier
32:26 Ballistics
32:44 Iron Casting
32:18 Bodkin Arrow
32:50 Leather Archer Armor
33:19 Chain Mail Armor
33:32 Hand Cart
34:35 Masonry
35:51 Coinage
37:55 Imperial Age
36:36 Fortified Wall
36:24 Treadmill Crane
36:37 Champion
39:47 Blast Furnace
39:18 Plate Mail Armor
39:13 Conscription
38:51 Elite Composite Bowman
39:54 Bracer
41:09 Chemistry
42:11 Ring Archer Armor
45:46 Fereters
46:16 Caravan
45:44 Capped Ram
48:45 Siege Ram
61:11 Bombard Tower
61:35 Murder Holes
74:36 Caravan
Muerto de Hambre
9:41 Feudal Age
15:59 Castle Age
15:48 Horse Collar
15:57 Double-Bit Axe
17:10 Loom
21:09 Fervor
27:10 Red Cliffs Tactics
27:27 Heavy Plow
29:45 Wheelbarrow
30:04 Fletching
34:51 Imperial Age
32:41 Hand Cart
33:34 Bodkin Arrow
33:40 Padded Archer Armor
35:54 Ballistics
36:34 Chemistry
35:37 Bracer
35:53 Leather Archer Armor
35:52 Gold Mining
35:54 Stone Mining
37:01 Conscription
36:56 Elite Fire Archer
39:55 Forging
39:46 Scale Mail Armor
40:23 Gold Shaft Mining
40:25 Stone Shaft Mining
53:41 Sitting Tiger
59:48 Pikeman
60:29 Squires
60:14 Arson
61:11 Halberdier
66:03 Iron Casting
65:43 Chain Mail Armor
71:21 Blast Furnace
70:51 Plate Mail Armor
73:16 Murder Holes
77:42 Scale Barding Armor
F5B01
8:48 Loom
10:51 Feudal Age
11:51 Loom
14:58 Castle Age
14:14 Double-Bit Axe
20:02 Wheelbarrow
24:03 Horse Collar
25:03 Padded Archer Armor
26:59 Leather Archer Armor
27:06 Gold Mining
30:04 Husbandry
30:25 Bloodlines
33:51 Imperial Age
33:52 Hand Cart
36:20 Ring Archer Armor
39:33 Conscription
40:02 Bow Saw
42:15 Elite Conquistador
44:41 Town Watch
44:57 Heavy Plow
45:58 Two-Man Saw
49:34 Town Patrol
60:07 Caravan
60:27 Stone Mining
62:23 Forging
62:19 Scale Barding Armor
64:40 Chain Barding Armor
64:55 Iron Casting
64:42 Light Cavalry
65:55 Hussar
67:43 Plate Barding Armor
68:09 Blast Furnace
kkkkkkkkk10
0:37 Loom
10:44 Feudal Age
11:16 Double-Bit Axe
11:29 Horse Collar
18:02 Castle Age
16:17 Stone Mining
18:04 Wheelbarrow
23:01 Gold Mining
24:23 Bow Saw
25:10 Heavy Plow
26:31 Marauders
26:55 Hand Cart
31:06 Imperial Age
29:40 Gold Shaft Mining
29:42 Husbandry
29:57 Scale Barding Armor
30:06 Forging
32:36 Conscription
32:01 Elite Tarkan
33:07 Conscription
34:49 Chain Barding Armor
36:33 Iron Casting
36:44 Plate Barding Armor
36:42 Fletching
37:15 Ballistics
42:10 Squires
42:24 Pikeman
46:25 Heavy Cavalry Archer
48:02 Scale Mail Armor
47:57 Bodkin Arrow
48:03 Padded Archer Armor
48:18 Halberdier
50:09 Light Cavalry
50:59 Bloodlines
51:25 Caravan
55:47 Crossbowman
57:03 Bracer
58:04 Blast Furnace
57:02 Murder Holes
56:53 Elite Skirmisher
58:55 Hussar
CreepiestSnow32
11:22 Feudal Age
11:45 Horse Collar
11:52 Double-Bit Axe
12:01 Gold Mining
17:46 Wheelbarrow
17:44 Scale Mail Armor
17:59 Man-at-Arms
21:07 Castle Age
20:48 Forging
21:46 Long Swordsman
22:42 Squires
25:11 Loom
40:09 Gambesons
42:43 Iron Casting
42:24 Chain Mail Armor
42:51 Heavy Plow
47:02 Hand Cart
51:59 Imperial Age
50:17 Fortified Wall
55:19 Chemistry
63:37 Two-Handed Swordsman
74:13 Bow Saw
Ken
10:37 Feudal Age
15:04 Castle Age
14:25 Double-Bit Axe
17:29 Bow Saw
17:09 Loom
17:17 Loom
24:44 Wheelbarrow
25:22 Husbandry
25:58 Scale Barding Armor
26:04 Forging
26:05 Gold Mining
27:30 Chain Barding Armor
28:46 Gold Shaft Mining
28:01 Stone Mining
32:02 Imperial Age
30:56 Iron Casting
30:12 Fletching
30:22 Padded Archer Armor
30:22 Scale Mail Armor
31:39 Hand Cart
32:40 Cavalier
34:37 Plate Barding Armor
34:28 Conscription
33:41 Elite Skirmisher
34:25 Cranequins
37:03 Blast Furnace
37:23 Chain Mail Armor
37:03 Bodkin Arrow
37:24 Leather Archer Armor
38:56 Chemistry
37:37 Treadmill Crane
37:54 Murder Holes
38:14 Siphons
40:34 Plate Mail Armor
41:30 Ballistics
40:54 Paladin
58:25 Light Cavalry
71:45 Squires
71:31 Arson
78:45 Caravan
少打游戏多学习
9:35 Loom
11:35 Feudal Age
14:15 Horse Collar
17:18 Castle Age
16:11 Double-Bit Axe
19:13 Bow Saw
19:08 Heavy Plow
26:05 Wheelbarrow
26:17 Padded Archer Armor
31:34 Imperial Age
29:04 Town Watch
29:58 Leather Archer Armor
29:35 Fletching
30:03 Masonry
30:26 Bloodlines
30:19 Husbandry
31:15 Hand Cart
32:44 Artillery
33:06 Forging
34:56 Two-Man Saw
34:26 Conscription
34:42 Town Patrol
35:47 Fervor
36:35 Scale Barding Armor
36:44 Caravan
36:53 Gold Mining
36:53 Stone Mining
37:37 Chain Barding Armor
37:18 Elite Janissary
39:23 Ballistics
38:50 Arrowslits
39:36 Architecture
42:02 Plate Barding Armor
42:03 Iron Casting
41:22 Heavy Camel Rider
44:17 Ring Archer Armor
44:59 Blast Furnace
46:32 Bodkin Arrow
65:33 Bombard Tower
64:54 Treadmill Crane
65:21 Bracer
65:22 Scale Mail Armor
Gary038202
10:51 Feudal Age
12:14 Double-Bit Axe
14:57 Castle Age
13:13 Horse Collar
15:55 Bow Saw
15:49 Heavy Plow
23:42 Loom
31:11 Imperial Age
29:19 Wheelbarrow
30:11 Bloodlines
29:22 Light Cavalry
30:22 Scale Barding Armor
30:28 Forging
30:22 Stone Mining
30:22 Gold Mining
30:48 Husbandry
31:46 Chain Barding Armor
32:28 Stone Shaft Mining
31:15 Elite Leitis
32:18 Conscription
31:21 Cavalier
33:09 Crop Rotation
33:49 Plate Barding Armor
33:50 Iron Casting
34:41 Two-Man Saw
34:05 Paladin
36:45 Hand Cart
37:54 Fletching
41:51 Fortified Wall
41:52 Masonry
43:10 Ballistics
43:51 Chemistry
42:47 Bodkin Arrow
42:53 Padded Archer Armor
47:55 Caravan
47:31 Winged Hussar
49:24 Architecture
48:21 Elite Skirmisher
49:06 Tower Shields
54:01 Bracer
54:18 Leather Archer Armor
Connection lost

Rejoining the realm…

Still unreachable

The connection could not be restored.

Session expired

The server has moved on; the page needs a fresh start.